 Dungeon Crawl Stone Soup version 0.24-a0-189-g5d897e9 (console) character file.

Game seed: 3794795253451039047

13 Duffy the Firebug (level 2, 15/15 HPs)
             Began as a Deep Elf Fire Elementalist on Mar 16, 2019.
             Quit the game on level 2 of the Dungeon.
             The game lasted 00:00:55 (1016 turns).

Duffy the Firebug (Deep Elf Fire Elementalist)      Turns: 1016, Time: 00:00:56

Health: 15/15      AC:  3    Str:  5    XL:     2   Next: 24%
Magic:  8/8        EV: 13    Int: 19    God:
Gold:   93         SH:  0    Dex: 15    Spells: 7/7 levels left

rFire    . . .     SeeInvis .   c - 2 rations
rCold    . . .     Gourm    .   (no shield)
rNeg     . . .     Faith    .   a - +1 robe
rPois    .         Spirit   .   (no helmet)
rElec    .         Reflect  .   (no cloak)
rCorr    .         Harm     .   (no gloves)
MR       .....     Rnd*Tele +   (no boots)
Stlth    ++........             (no amulet)
HPRegen  0.05/turn              g - ring of teleportation
MPRegen  0.11/turn              (no ring)

@: no status effects
A: no striking features
a: no special abilities


You were on level 2 of the Dungeon.
You were not hungry.

You visited 1 branch of the dungeon, and saw 2 of its levels.

You collected 93 gold pieces.

Inventory:

Armour
 a - a +1 robe (worn)
Jewellery
 g - a ring of teleportation (left hand)
Scrolls
 b - 2 scrolls of enchant armour
 k - a scroll of teleportation {unknown}
 l - a scroll of magic mapping {unknown}
 m - a scroll of immolation {unknown}
 o - a scroll of random uselessness {unknown}
Potions
 f - a potion of resistance {unknown}
 h - a potion of ambrosia {unknown}
Comestibles
 c - 2 rations (in hand)
 n - a chunk of flesh


   Skills:
 + Level 0.0 Fighting
 - Level 2.4 Dodging
 - Level 2.4 Stealth
 - Level 3.0 Spellcasting
   Level 2.6 Conjurations
   Level 3.2 Fire Magic


You had 7 spell levels left.
You didn't know any spells.
Your spell library contained the following spells:

 Spells                   Type           Power        Failure   Level  Hunger
 Flame Tongue             Conj/Fire      ##...        4%          1    None
 Throw Flame              Conj/Fire      ##....       7%          2    ##.....
 Conjure Flame            Conj/Fire      ##......     14%         3    ###....
 Inner Flame              Hex/Fire       #.......     24%         3    ###....
 Sticky Flame             Conj/Fire      ##......     41%         4    ####...
 Fireball                 Conj/Fire      ##........   77%         5    ######.


Dungeon Overview and Level Annotations

Branches:
Dungeon (2/15)

Altars:
Hepliaklqana


Message History

As you read the scroll labeled BUKHATZEDGHY, it crumbles to dust.
It is a scroll of enchant armour.
Your +0 robe glows green for a moment.
As you read the scroll labeled KYENAPS XOEMU, it crumbles to dust.
You hear a loud clanging noise!
It was a scroll of noise.
You hear a shout!
You hear an angry hiss.
As you read the scroll labeled OSEKLO YSEMM, it crumbles to dust.
You assume a fearsome visage.
Nothing appears to happen.
It was a scroll of fear.
As you read the scroll labeled KUSIALL LEEDYL, it crumbles to dust.
You feel as if something is helping you.
It was a scroll of remove curse.
As you read the scroll labeled TIJIOTRUSM, it crumbles to dust.
It is a scroll of amnesia.
Forget Flame Tongue, freeing 1 spell level for a total of 7?
Your memory of Flame Tongue unravels.
You stop training Conjurations.
You need to enable at least one skill for training.
Found a hazy altar of Hepliaklqana.
Are you sure you want to abandon this character and quit the game? (Confirm with "yes".)

#.##.#(.
....... #....#
#....## ..
###..>.. .?..
#....#.###.....
#...<.......
##......##..
#@####..... #.#
.... ..# ...
(... .. ..._. #
###^... ##...
#.###


There were no monsters in sight!

Vanquished Creatures
  5 bats (D:1)
  A goblin (D:1)
  A hobgoblin (D:1)
  3 jackals (D:1)
  2 rats (D:1)
12 creatures vanquished.

Notes
Turn   | Place    | Note
-------+----------+-------------------------------------------
     0 | D:1      | Duffy the Deep Elf Fire Elementalist began the quest for
                  | the Orb.
     0 | D:1      | Reached XP level 1. HP: 10/10 MP: 6/6
   294 | D:1      | Reached XP level 2. HP: 15/15 MP: 4/8
  1014 | D:2      | Found a hazy altar of Hepliaklqana.
  1016 | D:2      | Quit the game

Levels and vault maps discovered:
D:1:      eino_arrival_water_star, layout_basic
D:2:      layout_basic, nicolae_overflow_crystal_walls, xom_teletrap_fun,
          uniq_sigmund, uniq_jessica

Skill      XL: |  1 |
---------------+----+-----
Conjurations   | 2 |  2.6
Dodging        | |  2.4
Stealth        | |  2.4
Spellcasting   | |  3.0
Fire Magic     | |  3.2

Action                   || total
-------------------------++-------
 Cast: Flame Tongue      ||    17
  Use: Scroll            ||     5
Armor: Robe              ||     1
Dodge: Dodged            ||    15

Table legend:
 A = Non-vault XP
 B = Vault XP
 C = Vault XP percentage of total XP
 D = Non-vault monster count
 E = Vault monster count
 F = Vault count percentage of total count
                 A         B        C        D         E       F
            +---------+---------+-------+---------+---------+-------
      Total |      19 |       0 |   0.0 |      12 |       0 |   0.0
            +---------+---------+-------+---------+---------+-------
        D:1 |      19 |       0 |   0.0 |      12 |       0 |   0.0
            +---------+---------+-------+---------+---------+-------
